[Event "Late-Titled-Tuesday-Blitz-May-14-2024"]
[Site "Chess.com"]
[Date "2024.05.14"]
[Round "10"]
[White "Flawless_Fighter"]
[Black "chenxiaoyuer"]
[Result "1-0"]
[WhiteElo "2700"]
[BlackElo "2871"]
[TimeControl "180+1"]
[EndTime "15:55:08 PDT"]
[Termination "Flawless_Fighter won by checkmate"]

1. e4 c5 2. Nf3 d6 3. Bb5+ Bd7 4. Bxd7+ Qxd7 5. O-O Nf6 6. Re1 Nc6 7. c3 e6 8. d4 cxd4 9. cxd4 d5 10. e5 Ne4 11.
a3 Be7 12. Nbd2 Nxd2 13. Bxd2 O-O 14. Re3 Rac8 15. h4 f6 16. exf6 Bxf6 17. Bc3 Ne7 18. Qe2 Nf5 19. Rxe6 Nxh4 20. Rxf6 Rxf6 21. Nxh4 Re8 22.
Qd3 Qg4 23. Nf3 Rg6 24. g3 Rh6 25. Re1 Rxe1+ 26. Nxe1 Qh3 27. Qf3 Rh5 28. Nd3 Qh2+ 29. Kf1 Qh3+ 30. Ke2 Rf5 31. Nf4 Qh6 32. Qe3 Qa6+ 33.
Kd2 Qc6 34. Qe7 Rf7 35. Qd8+ Rf8 36. Qg5 h6 37. Qe5 Kh7 38. Bb4 Rf7 39. Bc3 b6 40. f3 a5 41. Ke3 Qd7 42. Qxd5 Re7+ 43. Kd2 Qe8 44. Qf5+ Kg8 45. d5 Rf7 46. Qe6 Qd8 47.
Ng6 Qg5+ 48. Kc2 Qxg3 49. Ne5 Qf2+ 50. Kb3 Kh7 51. Qxf7 a4+ 52. Ka2 Qc2 53. Qg6+ Qxg6 54. Nxg6 Kxg6 55. d6 Kf7 56. Bxg7 h5 57. Be5 Ke6 58. Bg3 h4 59. Bxh4 Kxd6 60. Bg3+ Kc5 61. Kb1 Kc4 62. Kc2 b5 63. Bd6 b4 64. Bxb4 Kd5 65.
b3 axb3+ 66. Kxb3 Kc6 67. Kc4 Kb7 68. f4 Ka8 69. f5 Kb7 70. f6 Kc8 71. f7 Kd7 72. f8=Q Kc6 73. Qd6+ Kb7 74. Kb5 Ka8 75.
Qd7 Kb8 76. Kb6 Ka8 77. Qb7# 1-0

[Event "Late-Titled-Tuesday-Blitz-May-14-2024"]
[Site "Chess.com"]
[Date "2024.05.14"]
[Round "10"]
[White "jinbojinbo"]
[Black "PepeCuenca"]
[Result "1-0"]
[WhiteElo "2666"]
[BlackElo "2795"]
[TimeControl "180+1"]
[EndTime "15:55:10 PDT"]
[Termination "jinbojinbo won by resignation"]

1. e4 c5 2. Nf3 Nc6 3. d4 cxd4 4. Nxd4 e5 5. Nb5 d6 6. c4 g6 7. N1c3 a6 8. Na3 Bg7 9. Be3 Be6 10. Be2 Nf6 11.
O-O O-O 12. f3 Rc8 13. Qd2 Nd4 14. Rfd1 Ne8 15. Bf1 f5 16. exf5 gxf5 17. Nc2 Nxc2 18. Qxc2 Bxc4 19. Bxc4+ Rxc4 20. Qb3 b5 21. a4 Kh8 22. axb5 axb5 23. Qxb5 Rc8 24. Ra7 Rb8 25. Qe2 Nc7 26. Qc4 Ne8 27. Rd2 Bf6 28. Kh1 Bg5 29. f4 exf4 30. Bxf4 Bxf4 31. Qxf4 Qf6 32. h3 Qe5 33. Qh6 Ng7 34. Re2 Qf6 35. Qxf6 Rxf6 36.
Ree7 Rg6 37. Nd5 h5 38. b4 h4 39. Rab7 Ra8 40. Ra7 Rb8 41. Reb7 Rc8 42. Kh2 Rc2 43. Nf4 Rg5 44. b5 Rc8 45. b6 Re8 46. Re7 Rxe7 47. Rxe7 Rg3 48. b7 Rb3 49. Rc7 Kh7 50. Ne6 f4 51.
Rxg7+ Kh6 52. Rf7 Kg6 53. Rc7 f3 54. gxf3 Kf5 55. Nd8 Kf4 56. Rc8 Rb2+ 57. Kg1 Kg3 58. b8=Q Rg2+ 59. Kf1 Rf2+ 60. Ke1 1-0

[Event "Late-Titled-Tuesday-Blitz-May-14-2024"]
[Site "Chess.com"]
[Date "2024.05.14"]
[Round "10"]
[White "GothamChess"]
[Black "Dolphin_2010"]
[Result "0-1"]
[WhiteElo "2760"]
[BlackElo "2634"]
[TimeControl "180+1"]
[EndTime "15:55:10 PDT"]
[Termination "Dolphin_2010 won on time"]

1. e4 c6 2. d4 d5 3. f3 Qb6 4. Nc3 dxe4 5. fxe4 e5 6. Nf3 exd4 7. Nxd4 Bc5 8. Na4 Qa5+ 9. c3 Bd6 10. b4 Qc7 11.
Qh5 Nf6 12. Qh4 O-O 13. Bd3 Nbd7 14. Nf5 Ne5 15. Bc2 Bxf5 16. exf5 b5 17. Nc5 Qe7 18. Ne4 Nxe4 19. Qxe4 Nd3+ 20. Bxd3 Qxe4+ 21. Bxe4 Rfe8 22. O-O Rxe4 23. f6 Be5 24. Bd2 Rd8 25. Rfe1 Rxe1+ 26. Bxe1 Bxf6 27. a4 a6 28. axb5 axb5 29. Ra6 Rc8 30.
Kf1 h5 31. Ke2 Re8+ 32. Kd1 Re6 33. Bd2 Kh7 34. Rb6 Kg6 35. Kc2 Be5 36. h3 f5 37. Kd3 Rd6+ 38. Ke2 Re6 39. Kd3 h4 40. Be1 Bc7 41. Rb7 Rxe1 42. Rxc7 Re6 43. Rc8 Kf6 44. Kd4 Re4+ 45. Kd3 Rc4 46. Rh8 g5 47. Re8 g4 48. Rh8 Kg5 49. Rg8+ Kf4 50. Rf8 Kg3 51. Rxf5 Kxg2 52. hxg4 Rxg4 53. Rf6 h3 54. Rxc6 h2 55.
Rh6 h1=Q 56. Rxh1 Kxh1 0-1

[Event "Late-Titled-Tuesday-Blitz-May-14-2024"]
[Site "Chess.com"]
[Date "2024.05.14"]
[Round "10"]
[White "BestestBP"]
[Black "N_Mullodzhanov"]
[Result "1-0"]
[WhiteElo "2216"]
[BlackElo "2541"]
[TimeControl "180+1"]
[EndTime "15:55:10 PDT"]
[Termination "BestestBP won by checkmate"]

1. c4 Nf6 2. Nc3 g6 3. d4 d6 4. Nf3 Bg7 5. g3 O-O 6. Bg2 Nc6 7. O-O e5 8. dxe5 dxe5 9. Bg5 Be6 10. Nd2 h6 11. Bxf6 Bxf6 12. Nde4 Bxc4 13. Qxd8 Bxd8 14. Nc5 Nd4 15. Nd7 c6 16. Nxe5 Nxe2+ 17. Nxe2 Bxe2 18. Rfe1 Ba6 19. Nd7 Ba5 20. Re5 Bc7 21. Re3 Rfd8 22.
Nf6+ Kg7 23. Ne4 Bb6 24. Ree1 Bc4 25. b3 Bd5 26. Rad1 Re8 27. Nd6 Rxe1+ 28. Rxe1 Bxg2 29. Kxg2 Rd8 30. Nc4 Bd4 31. Re7 b6 32. a4 Bc5 33.
Rb7 Kf6 34. h4 h5 35. Rc7 Kg7 36. Rxc6 Rd3 37. Rc7 Rxb3 38. Ne5 Rb2 39. Rxf7+ Kg8 40. Rf3 Kg7 41. Nc6 a6 42. Nd8 Kh6 43. Ne6 Bd6 44. Rf7 Be5 45. Rd7 Bf6 46. Rf7 Be5 47. Ra7 Bf6 48.
Ra8 Rb4 49. Rf8 Bg7 50. Rf7 Be5 51. f4 Bd4 52. Rf8 Rb2+ 53. Kh3 Bg7 54. Rf7 Bc3 55. g4 Rb3 56. g5# 1-0

[Event "Late-Titled-Tuesday-Blitz-May-14-2024"]
[Site "Chess.com"]
[Date "2024.05.14"]
[Round "10"]
[White "manitodeplomo"]
[Black "KNVB"]
[Result "0-1"]
[WhiteElo "2560"]
[BlackElo "2801"]
[TimeControl "180+1"]
[EndTime "15:55:11 PDT"]
[Termination "KNVB won on time"]

1. d4 e5 2. dxe5 Nc6 3. Nf3 Qe7 4. Nc3 Nxe5 5. Nd5 Nxf3+ 6. gxf3 Qd8 7. Bf4 d6 8. Qd4 Nf6 9. O-O-O Be6 10. e4 Bxd5 11.
exd5 Be7 12. Bb5+ Kf8 13. Rhg1 Nh5 14. Be3 Bf6 15. Qg4 g6 16. Bh6+ Ng7 17. Rde1 Kg8 18.
Re4 a6 19. Ba4 b5 20. Bb3 Bxb2+ 21. Kxb2 f5 22. Bxg7 fxg4 23. Bd4 Qd7 24. Rexg4 Rf8 25. h4 Kf7 26. h5 Rhg8 27. Re1 Re8 28. Rf4+ Qf5 29. hxg6+ hxg6 30. Rxf5+ gxf5 31. Rxe8 Kxe8 32. a4 Kd7 33. axb5 axb5 34. Kc3 f4 35. Kb4 Rg1 36.
Kxb5 Rd1 37. Kc4 Rd2 38. Kc3 Rd1 39. Kc4 Rd2 40. c3 Ke7 41. Kb4 Rb2 42. c4 Rd2 43. Kc3 Re2 44. Bd1 Re1 45. Kd2 Rh1 46. Be2 Rh5 47.
Bd3 Rh4 48. Be4 Rh2 49. Kc3 Rh1 50. c5 Rg1 51. c6 Rf1 52. Kd3 Rd1+ 53. Kc4 Rc1+ 54.
Kb4 Rd1 0-1

[Event "Late-Titled-Tuesday-Blitz-May-14-2024"]
[Site "Chess.com"]
[Date "2024.05.14"]
[Round "10"]
[White "Veleamater"]
[Black "Boorchess"]
[Result "0-1"]
[WhiteElo "2436"]
[BlackElo "2592"]
[TimeControl "180+1"]
[EndTime "15:55:11 PDT"]
[Termination "Boorchess won by checkmate"]

1. e4 c5 2. a3 g6 3. d4 cxd4 4. c3 Bg7 5. cxd4 d5 6. e5 Nc6 7. b4 Nh6 8. Bb2 O-O 9. Be2 f6 10. Nf3 Be6 11. O-O fxe5 12. dxe5 Qc7 13. Nc3 Rad8 14.
Nb5 Qb8 15. Nfd4 Bc8 16. Nxc6 bxc6 17. Nd4 Bd7 18. e6 Be8 19. Rc1 a5 20. Qb3 Qb6 21.
Rfd1 Rb8 22. Bc3 axb4 23. axb4 c5 24. Nc2 d4 25. Be1 Nf5 26. Rb1 Bc6 27. b5 Ba8 28. Na3 Nh4 29. f3 Nf5 30. Nc4 Qxe6 31. Bf1 Ne3 32.
Nxe3 Qxb3 33. Rxb3 dxe3 34. Bg3 Bd4 35. Bc4+ Kg7 36.
Kf1 e5 37. Ke2 g5 38. h3 h5 39. Ra3 g4 40. hxg4 hxg4 41. Ra7+ Kg6 42. Rf1 gxf3+ 43. gxf3 Rh8 44. Bd3+ Kf6 45. f4 e4 46. Bc4 Bb7 47. f5 Rbg8 48. Rxb7 Rxg3 49. Rf7+ Ke5 50. Re7+ Kd6 51.
Re6+ Kd7 52. Rxe4 Rg2+ 53. Kf3 Rf2+ 54. Rxf2 exf2 55. Kg2 Rf8 56. Be6+ Kd6 57. Kf1 Ra8 58. b6 Ra1+ 59. Kg2 f1=Q+ 60. Kg3 Qg1+ 61. Kf4 Rf1# 0-1

[Event "Late-Titled-Tuesday-Blitz-May-14-2024"]
[Site "Chess.com"]
[Date "2024.05.14"]
[Round "10"]
[White "Kosak12"]
[Black "AlexeiShirov"]
[Result "1/2-1/2"]
[WhiteElo "2775"]
[BlackElo "2906"]
[TimeControl "180+1"]
[EndTime "15:55:12 PDT"]
[Termination "Game drawn - insufficient material"]

1. e4 e5 2. Nf3 Nc6 3. Bb5 f5 4. d3 fxe4 5. dxe4 Nf6 6. O-O Bc5 7. Qd3 d6 8. Qc4 Bd7 9. Nc3 Nd4 10. Bxd7+ Qxd7 11. Nxe5 Qe6 12. Qxe6+ Nxe6 13. Nd3 Bd4 14. Nb5 Bb6 15.
e5 dxe5 16. Nxe5 O-O 17. Be3 Bxe3 18. fxe3 Nd5 19. Rxf8+ Rxf8 20. Re1 a6 21. Nd4 Re8 22. Nd3 Ng5 23. c4 Rxe3 24. Rxe3 Nxe3 25. b3 b6 26. Kf2 Nd1+ 27. Kg3 Nc3 28. a3 Kf7 29. h4 Ne6 30. Nc6 Ne2+ 31. Kf2 N2d4 32. Nce5+ Kf6 33. b4 Nc2 34. g4 Nxa3 35. Ke3 Nc2+ 36. Ke4 a5 37. bxa5 bxa5 38. g5+ Ke7 39. Nc6+ Kd6 40. Nxa5 c5 41.
Nb3 Ncd4 42. Nxd4 Nxd4 43. Nf4 g6 44. Nd5 Nf5 45. Nf6 Nxh4 46. Nxh7 Nf5 47. Nf8 Ne7 48. Kf4 Nc6 49. Nxg6 Na5 50. Ne5 Ke6 51. Ke4 Nb7 52.
Ng4 Nd6+ 53. Kd3 Kf5 54. Nf2 Nxc4 55. Kxc4 Kxg5 56. Kxc5 1/2-1/2

[Event "Late-Titled-Tuesday-Blitz-May-14-2024"]
[Site "Chess.com"]
[Date "2024.05.14"]
[Round "10"]
[White "Leebit02"]
[Black "ameetghasi100"]
[Result "0-1"]
[WhiteElo "2610"]
[BlackElo "2798"]
[TimeControl "180+1"]
[EndTime "15:55:15 PDT"]
[Termination "ameetghasi100 won by resignation"]

1. d4 Nf6 2. c4 g6 3. Nc3 Bg7 4.
e4 O-O 5. h3 d6 6. Nge2 Nc6 7. d5 Ne5 8. Ng3 c6 9. f4 Ned7 10. Be2 Qb6 11. Na4 Qa5+ 12. Bd2 Qc7 13. O-O a6 14. Rc1 h5 15. Kh2 h4 16. Nh1 Nxe4 17.
Be3 Ndf6 18. Nb6 Rb8 19. Nxc8 Rbxc8 20. Bf3 cxd5 21. cxd5 Qa5 22. Qd3 Nc5 23. Qe2 Qb5 24. Qxb5 axb5 25. Nf2 Na4 26. Nd3 Nd7 27. b3 Nc3 28. Rf2 Ra8 29. Nb4 Nc5 30. Rfc2 N3e4 31. Be2 Ra5 32. Kg1 f5 33. Bf3 Rfa8 34. Kf1 Kf7 35.
Ke1 Na6 36. Nd3 b4 37. Bxe4 fxe4 38. Nf2 Rxd5 39. Nxe4 Bf6 40. Bf2 Rh8 41. Ke2 Ra5 42. Kf3 Rhh5 43. Bb6 Raf5 44. Kg4 d5 45. Nd2 Bc3 46.
Nf3 Bf6 47. Re2 Nb8 48. Rce1 Nc6 49. Bc5 d4 50. Bb6 Rd5 51. Rd2 Rhf5 52. Rd3 Rd7 53. Re4 Rfd5 54. Ng5+ Bxg5 55. fxg5 Ne5+ 56. Rxe5 Rxe5 57.
Kxh4 Red5 58. Kg4 e5 59. Kf3 Ke6 60. Ke4 Rf7 61. g3 Rf1 62. Ba5 Re1+ 0-1

[Event "Late-Titled-Tuesday-Blitz-May-14-2024"]
[Site "Chess.com"]
[Date "2024.05.14"]
[Round "10"]
[White "MarceloPlaya"]
[Black "Flaccidmoves"]
[Result "0-1"]
[WhiteElo "2327"]
[BlackElo "2431"]
[TimeControl "180+1"]
[EndTime "15:55:16 PDT"]
[Termination "Flaccidmoves won on time"]

1. e4 g6 2. d4 Bg7 3. Nc3 d6 4. Be3 a6 5. Qd2 b5 6. O-O-O Bb7 7. f3 Nd7 8. h4 h5 9. Kb1 Rc8 10. d5 c6 11. dxc6 Bxc6 12. Bd4 Ngf6 13. Nge2 O-O 14. Nd5 Bxd5 15. exd5 Nb6 16. g4 Nc4 17.
Qd3 hxg4 18. h5 g5 19. h6 Bh8 20. h7+ Kg7 21. Ng3 Re8 22. fxg4 Kf8 23. Ne4 e5 24.
dxe6 Rxe6 25. Nxg5 Re5 26. Bxe5 Nxe5 27. Qxd6+ Qxd6 28. Rxd6 Nfxg4 29. Bh3 Re8 30. Re1 Nf2 31. Rxa6 Rd8 32. Bf5 Nc4 33. Bd3 Nxb2 34. Bxb5 Nfd1 35. a4 Nc3+ 36. Kxb2 Nxb5+ 37. Kb3 Nc7 38. Ra7 Rb8+ 39.
Kc4 Rc8 40. Rf1 Ne6+ 41. Kb5 Nxg5 42. a5 Rb8+ 43. Kc6 Kg7 44. a6 Kxh7 45. Rb7 Ra8 46. a7 Bd4 47. Rf5 Kg6 48. Ra5 Ne6 49. Rd7 Be3 50.
Kb7 Rxa7+ 51. Rxa7 Bxa7 52. Kxa7 f5 53. Kb6 f4 54. Rd3 Kf5 55. c4 Ke4 56. Rd6 Nd4 57. c5 f3 58. Rf6 Nf5 0-1

[Event "Late-Titled-Tuesday-Blitz-May-14-2024"]
[Site "Chess.com"]
[Date "2024.05.14"]
[Round "10"]
[White "PapaieDudu"]
[Black "tarno17"]
[Result "0-1"]
[WhiteElo "2347"]
[BlackElo "2232"]
[TimeControl "180+1"]
[EndTime "15:55:17 PDT"]
[Termination "tarno17 won by resignation"]

1. Nf3 d5 2. d4 e6 3. c4 Nf6 4. Nc3 Be7 5. Bg5 O-O 6. e3 h6 7. Bxf6 Bxf6 8. Qc2 b6 9. cxd5 exd5 10. Bd3 Bb7 11.
O-O Nd7 12. b4 c6 13. Rab1 Re8 14. h3 Kf8 15. Qe2 Kg8 16. Ba6 Bxa6 17. Qxa6 Nf8 18. Rb3 Ne6 19. Rc1 Ng5 20. Nxg5 Bxg5 21. Na4 Qf6 22.
Qb7 Rac8 23. b5 c5 24. dxc5 bxc5 25. Rxc5 Rxc5 26. Nxc5 Qa1+ 27. Kh2 Qe5+ 28. f4 Qd6 29. Qd7 Qxd7 30. Nxd7 Be7 31. Ne5 Rb8 32. Nc6 Rb7 33. Rd3 Bc5 34. Rxd5 Rxb5 35. a4 Rb6 36. Rxc5 a6 37.
a5 Rb3 38. Re5 Kh7 39. Nd4 Rb2 40. Re7 f6 41. Ne6 Kg6 42. Nf8+ Kh5 43. Rxg7 f5 44. Nh7 Kh4 45. Nf6 h5 46. Nd5 Rxg2+ 47. Kh1 Rxg7 48.
e4 fxe4 49. f5 Kxh3 50. f6 Rf7 51. Kg1 Kg3 52. Nc3 Kf3 53. Nd5 e3 54. Kf1 e2+ 55. Ke1 h4 56. Nc3 Rxf6 57. Nb1 h3 58. Nd2+ Kg2 59. Ne4 h2 60. Nxf6 h1=Q+ 0-1

[Event "Late-Titled-Tuesday-Blitz-May-14-2024"]
[Site "Chess.com"]
[Date "2024.05.14"]
[Round "10"]
[White "FabianoCaruana"]
[Black "Oleksandr_Bortnyk"]
[Result "1-0"]
[WhiteElo "3093"]
[BlackElo "3053"]
[TimeControl "180+1"]
[EndTime "15:55:18 PDT"]
[Termination "FabianoCaruana won by resignation"]

1. d4 Nf6 2. c4 b6 3. Nc3 Bb7 4.
Qc2 g6 5. e4 d6 6. Nf3 Bg7 7.
h3 O-O 8. Be3 Nc6 9. Rd1 Qc8 10.
Be2 e5 11. d5 Nb4 12. Qb1 a5 13. a3 Na6 14. b4 Nh5 15. g3 axb4 16. axb4 f5 17.
exf5 gxf5 18. Ng5 Qe8 19. Ne6 Rf6 20. Rg1 Qg6 21. Nb5 Rf7 22. g4 Nf4 23. Bxf4 exf4 24. Bd3 Be5 25. Bxf5 Qf6 26. Kf1 f3 27. Qb3 Kh8 28.
Rb1 Re7 29. Qxf3 Rxe6 30. g5 Qf7 31. dxe6 Bxf3 32. exf7 Kg7 33. g6 hxg6 34. Bxg6 Kf6 35. Rb3 Bc6 36. Bh5 Ke7 37. Rg8 Rf8 38. Rxf8 Kxf8 39.
Bf3 Bd7 40. Bg4 Bc6 41. Be6 Be4 42. Bd5 Bf5 43. Ra3 c6 44. Rxa6 cxd5 45. Nc7 dxc4 46. Nd5 c3 47. Ke2 c2 48. Kd2 Bb2 49. Ra8+ Kxf7 50. Ra7+ Ke6 51. Nf4+ Ke5 52. Ne2 d5 53. f4+ Kd6 54. Ra2 Bf6 55. Rxc2 Bxc2 56. Kxc2 Ke6 57.
Kd3 Kf5 58. b5 Be7 59. Nc3 Bc5 60. Nxd5 Ke6 61. Ke4 Kd6 62. f5 Bg1 63. h4 Kc5 64. h5 Kxb5 65. h6 Kc5 66. h7 Bd4 67. f6 Bxf6 68.
Nxf6 b5 69. h8=Q 1-0

[Event "Late-Titled-Tuesday-Blitz-May-14-2024"]
[Site "Chess.com"]
[Date "2024.05.14"]
[Round "10"]
[White "SpeedofLight0"]
[Black "Durarbayli"]
[Result "1-0"]
[WhiteElo "3027"]
[BlackElo "2942"]
[TimeControl "180+1"]
[EndTime "15:55:18 PDT"]
[Termination "SpeedofLight0 won by checkmate"]

1. d4 Nf6 2. Nc3 d5 3. Bf4 c5 4. e3 cxd4 5. exd4 a6 6. Nf3 Bg4 7. h3 Bxf3 8. Qxf3 Nc6 9. O-O-O e6 10. g4 Bb4 11. g5 Nd7 12. a3 Be7 13. h4 b5 14. b4 a5 15. Bxb5 axb4 16. Bxc6 Rxa3 17. Rd3 bxc3 18. Rxc3 Ra1+ 19. Kb2 Rxh1 20. Qxh1 O-O 21. Rb3 Nb6 22. Kc1 Nc4 23. Qe1 Bd6 24. Bd2 Qc7 25. Bb5 Ra8 26. Bc3 Ba3+ 27. Kd1 Qf4 28.
Bxc4 dxc4 29. Rb1 Qxh4 30. Ra1 Qg4+ 31. Qe2 Qg1+ 32. Be1 Qxg5 33. Qf3 Qd5 34. Rxa3 Qxd4+ 35. Ke2 Rd8 36. Kf1 h6 37. Re3 Rd5 38. Re4 Qa1 39.
Rxc4 Rf5 40. Qd3 Qa8 41. Rh4 h5 42. Qe4 Qa6+ 43. Qe2 Qc6 44. c3 g6 45. Bd2 Qa8 46. Kg1 Qc6 47. Re4 Rd5 48. Be1 Qd7 49. c4 Rd1 50.
Kg2 Rd4 51. c5 Rd5 52. Rc4 Qc6 53. Qf3 f5 54. Kf1 e5 55. Bc3 e4 56. Qe2 Rd3 57.
Qb2 Kf7 58. Qb6 Qd5 59. Qf6+ Ke8 60. Qxg6+ Kd7 61. c6+ Kc8 62. Qe8+ Kc7 63. Qe7+ Kc8 64. Qb7+ Kd8 65. Bf6+ Ke8 66. Qe7# 1-0

[Event "Late-Titled-Tuesday-Blitz-May-14-2024"]
[Site "Chess.com"]
[Date "2024.05.14"]
[Round "10"]
[White "egnfanclub"]
[Black "lluiss"]
[Result "1/2-1/2"]
[WhiteElo "2363"]
[BlackElo "2234"]
[TimeControl "180+1"]
[EndTime "15:55:19 PDT"]
[Termination "Game drawn by stalemate"]

1. e4 c5 2. Nc3 d6 3. f4 g6 4. Nf3 Bg7 5. Bb5+ Bd7 6. Bc4 Nc6 7. d3 e6 8. O-O Nge7 9. Qe1 h6 10. Bb3 Nd4 11.
Nxd4 Bxd4+ 12. Kh1 Bg7 13. a4 O-O 14. Qh4 Nc6 15.
Qh3 Nd4 16. f5 exf5 17. Bxh6 fxe4 18. Qe3 Nxb3 19. cxb3 exd3 20. Bxg7 Kxg7 21. Qxd3 Bf5 22. Qg3 Qd7 23. Rad1 Rad8 24. Nd5 Rfe8 25. Qc3+ Re5 26. Ne3 Kg8 27. Nc4 Re6 28. Ne3 Re5 29. Nc4 Re6 30.
h3 Rde8 31. Qg3 Re2 32. Nxd6 R8e3 33. Nxf5 Rxg3 34. Rxd7 gxf5 35. Rxf5 Rgxg2 36. Rfxf7 Rh2+ 37. Kg1 Rxh3 38. Rg7+ Kh8 39. Rxb7 Re8 40. Rxa7 Rxb3 41. Rgb7 Rxb7 42. Rxb7 Ra8 43. Rc7 Rxa4 44. Rxc5 Rb4 45. Rc2 Kg7 46. Rf2 Rb6 47. Kf1 Rf6 48. Rxf6 Kxf6 49.
Ke2 Ke6 50. Kd3 Kd5 51. Kc3 Kc5 52.
Kb3 Kb5 53. Kc3 Kc5 54. b3 Kb5 55. b4 Kb6 56. Kc4 Kc6 57. b5+ Kb6 58. Kb4 Kb7 59. Ka3 Kb6 60. Ka4 Kb7 61. Ka5 Ka7 62. Kb4 Kb6 63.
Kc4 Kb7 64. Kd5 Kb6 65. Kc4 Kb7 66. Kc5 Kc7 67. b6+ Kb7 68. Kb5 Kb8 69. Kc6 Kc8 70. b7+ Kb8 71. Kb6 1/2-1/2

[Event "Late-Titled-Tuesday-Blitz-May-14-2024"]
[Site "Chess.com"]
[Date "2024.05.14"]
[Round "10"]
[White "frederiksvane"]
[Black "Msb2"]
[Result "0-1"]
[WhiteElo "2954"]
[BlackElo "3078"]
[TimeControl "180+1"]
[EndTime "15:55:26 PDT"]
[Termination "Msb2 won on time"]

1. d4 d5 2. Nf3 e6 3. c4 Nf6 4. Nc3 Bb4 5. cxd5 exd5 6. Bf4 O-O 7. e3 c5 8. dxc5 Qa5 9. Rc1 Nbd7 10. a3 Bxc3+ 11.
Rxc3 Ne4 12. b4 Nxc3 13. Qa1 Qa4 14. Qxc3 a5 15. b5 Nf6 16. Bd3 Ne4 17. Bxe4 dxe4 18. Nd4 Bd7 19. c6 Rac8 20. O-O bxc6 21. b6 c5 22. b7 cxd4 23. bxc8=Q Rxc8 24. Qxd4 Qxd4 25. exd4 Rc3 26. Rb1 h6 27. Bd6 Be6 28. h3 Bb3 29. Bf4 a4 30. Rc1 Rd3 31. Be3 Be6 32. Ra1 g5 33. h4 f6 34. hxg5 hxg5 35. Rc1 Rxa3 36. Rc6 Kf7 37. Rc7+ Kg6 38. Rc6 Bf7 39. Ra6 Ra1+ 40.
Kh2 Bb3 41. d5 Rd1 42. d6 Kh5 43. Bc5 Rd5 44. Ba3 Rd2 45. Ra7 Be6 46. Re7 Bf5 47. Rf7 Kg6 48. Ra7 Rxf2 49. Rxa4 Rd2 50. Bc5 Rd5 51.
Rc4 Bd7 52. g3 f5 53. Kg1 f4 54. gxf4 gxf4 55. Rxe4 Kf5 56. Rc4 Kg4 57. Be3 Kf3 58. Bxf4 Bb5 59. Rc3+ Kxf4 60. d7 Rxd7 61. Kf2 Rd2+ 62.
Ke1 Ra2 63. Rc7 Bd3 0-1

[Event "Late-Titled-Tuesday-Blitz-May-14-2024"]
[Site "Chess.com"]
[Date "2024.05.14"]
[Round "10"]
[White "geordie_derraugh"]
[Black "NCchamp"]
[Result "1-0"]
[WhiteElo "2427"]
[BlackElo "2306"]
[TimeControl "180+1"]
[EndTime "15:55:27 PDT"]
[Termination "geordie_derraugh won on time"]

1. e4 c6 2. c4 d5 3. exd5 cxd5 4. cxd5 Nf6 5. Nc3 g6 6. Bc4 Bg7 7. Nge2 O-O 8. a4 a5 9. O-O Nbd7 10. Qb3 Nc5 11.
Qa2 b6 12. d4 Na6 13. Qb3 Nb4 14. Bg5 Bb7 15. Bxf6 Bxf6 16. Rfd1 Qd7 17. Ng3 Rad8 18. Bb5 Qc7 19. Nge4 Nxd5 20. Nxd5 Bxd5 21. Nxf6+ exf6 22. Qd3 Rc8 23. Rd2 f5 24. Re1 Rfd8 25. Qa3 Qf4 26. Qe3 Qxe3 27. fxe3 Rc7 28. Be2 Rdc8 29. Bf3 Bb3 30. d5 Bxa4 31. d6 Rd7 32. Rd4 Bb5 33. g4 Rcd8 34. Red1 Kg7 35. gxf5 gxf5 36. Kf2 Kf6 37.
Rh4 Ke5 38. Rd5+ Ke6 39. Rxb5 Rxd6 40. Rxh7 Rd2+ 41. Kg3 R8d6 42. Rh6+ f6 43. e4 fxe4 44. Bxe4 Re2 45. Bf5+ Kf7 46. Rh7+ Kg8 47. Rb7 Re3+ 48.
Kf2 Re5 49. Rxe5 fxe5 50. Be4 Rd4 51. Ke3 Rb4 52. Bd5+ Kf8 53. b3 b5 54. Kd2 a4 55. bxa4 Rxa4 56. Rxb5 Rh4 57. Ke3 Rxh2 58. Ke4 Rh5 59. Rb7 Ke8 60. Bf7+ Kd8 61. Bxh5 1-0

[Event "Late-Titled-Tuesday-Blitz-May-14-2024"]
[Site "Chess.com"]
[Date "2024.05.14"]
[Round "10"]
[White "HipsterChess22"]
[Black "Walter_White_Poland"]
[Result "0-1"]
[WhiteElo "2189"]
[BlackElo "2376"]
[TimeControl "180+1"]
[EndTime "15:55:27 PDT"]
[Termination "Walter_White_Poland won by checkmate"]

1. d4 d5 2. Nc3 Nf6 3. Bf4 a6 4.
e3 b5 5. Bd3 Bb7 6. Nce2 Nbd7 7. Nf3 c5 8. c3 g6 9. O-O Bg7 10. h3 O-O 11. Ne5 Nxe5 12. Bxe5 Nd7 13. Bxg7 Kxg7 14.
f4 f5 15. Kh1 e6 16. Ng1 Qe7 17. Nf3 h6 18. Rg1 h5 19. Qe1 Rh8 20. Qh4 Qxh4 21. Nxh4 Nf6 22. Nf3 Ne4 23. Bxe4 dxe4 24. Ne5 Rac8 25.
Rgc1 h4 26. Kg1 Rc7 27. Rc2 Rhc8 28. Rd2 cxd4 29. cxd4 Bd5 30. b3 b4 31. Kf2 a5 32.
Ke2 Rc3 33. Rb1 R8c7 34. Kf2 Kf6 35. Ke2 g5 36. fxg5+ Kxg5 37. Rf1 a4 38. Rb1 axb3 39. axb3 Bxb3 40. Rdb2 Rc2+ 41. Kf1 Rxb2 42. Rxb2 Rc3 43. Nc6 Rxe3 44. Nxb4 Bd5 45. Nxd5 exd5 46. Rb5 Rd3 47. Rxd5 Kf4 48. Rd8 Rd2 49. Kg1 e3 50. Kf1 Ke4 51. Ra8 Rxd4 52. Ke2 Rd2+ 53. Kf1 Rc2 54. Ra4+ Kd3 55.
Ra3+ Rc3 56. Ra1 f4 57. Rd1+ Ke4 58. Ke2 Rc2+ 59. Ke1 Rxg2 60. Rd8 Kf3 61. Rd3 Rg1# 0-1

[Event "Late-Titled-Tuesday-Blitz-May-14-2024"]
[Site "Chess.com"]
[Date "2024.05.14"]
[Round "10"]
[White "TigrVShlyape"]
[Black "Mops_2004"]
[Result "0-1"]
[WhiteElo "2934"]
[BlackElo "2855"]
[TimeControl "180+1"]
[EndTime "15:55:29 PDT"]
[Termination "Mops_2004 won on time"]

1. d4 d5 2. Bf4 Nf6 3. e3 c5 4. c3 Nc6 5. Nd2 Bg4 6. Qb3 Qc8 7. Ngf3 e6 8. a4 c4 9. Qa2 Be7 10. h3 Bh5 11. b3 cxb3 12. Qxb3 O-O 13. Bd3 Bg6 14. Be2 Ne4 15. Nxe4 Bxe4 16. O-O Na5 17. Qb2 Nc4 18. Bxc4 dxc4 19. Nd2 Bd3 20. Rfe1 b6 21. e4 Rd8 22. Nf1 Qc6 23. f3 a6 24. Ne3 b5 25.
axb5 axb5 26. Nc2 Bxc2 27. Qxc2 Rxa1 28. Rxa1 Ra8 29. Rb1 h6 30. Kh2 Ra3 31. Qd2 b4 32. cxb4 c3 33. Qc2 Qc4 34. Rc1 Bxb4 35. Qd1 Ra2 36. d5 c2 37. Qf1 Qxf1 38. Rxf1 exd5 39.
exd5 g5 40. Be3 Ra3 41. Bc1 Ra1 42. Rh1 Bd6+ 43. g3 Kh7 44. Kg2 Kg6 45. Rf1 Bc5 46.
f4 gxf4 47. gxf4 Kf5 48. Re1 f6 49. Rf1 Rb1 50. Rh1 Rb3 51. Re1 Rd3 52. Re2 Rc3 53. Re6 Rd3 54. Rc6 Be3 55. Rxc2 Bxc1 56. Rxc1 Kxf4 57.
Rf1+ Ke5 58. Rf3 Rxf3 59. Kxf3 Kxd5 60. Kg4 Ke4 61. Kh5 f5 62. Kxh6 f4 63. Kg5 f3 64.
h4 f2 0-1

[Event "Late-Titled-Tuesday-Blitz-May-14-2024"]
[Site "Chess.com"]
[Date "2024.05.14"]
[Round "10"]
[White "Individoom"]
[Black "VacheH009"]
[Result "1-0"]
[WhiteElo "2771"]
[BlackElo "2539"]
[TimeControl "180+1"]
[EndTime "15:55:30 PDT"]
[Termination "Individoom won by resignation"]

1. e4 e5 2. Nf3 Nc6 3. d4 exd4 4.
Bc4 Nf6 5. O-O Nxe4 6. Re1 d5 7. Bxd5 Qxd5 8. Nc3 Qd7 9. Nxe4 Be7 10. Bg5 O-O 11. Bxe7 Qxe7 12. Nxd4 Bd7 13. Qh5 Rae8 14. Nf3 Qb4 15. Qd5 Be6 16. Qd3 Bc4 17. Qc3 Bd5 18. Nc5 Qxc3 19. bxc3 b6 20. Na6 Bxf3 21. gxf3 Rxe1+ 22. Rxe1 Rc8 23. Nxc7 g6 24. Nb5 a6 25. Nd6 Rd8 26.
Ne4 Kg7 27. Kg2 Ne5 28. a4 Nc4 29. Rb1 f5 30. Ng5 Rd2 31. Rb4 Ne3+ 32. Kg3 Nd5 33. Rd4 Rxd4 34. cxd4 Nc3 35. Ne6+ Kf6 36.
Nc7 a5 37. Kf4 Nxa4 38. Ke3 Nb2 39. Nd5+ Ke6 40. Nxb6 Kd6 41. Kd2 a4 42. Kc1 a3 43.
Kb1 Kc6 44. Nc8 Nc4 45. Ka2 Nd2 46. f4 Nf3 47. c3 Nxh2 48. Kxa3 Kd7 49. Na7 h5 50. c4 Ng4 51. c5 h4 52. d5 h3 53.
c6+ Kd6 54. Nb5+ Kxd5 55. c7 h2 56. c8=Q h1=Q 57. Qa8+ Kc4 58. Qxh1 Kxb5 59. Qh7 Nxf2 60. Qxg6 Nd3 61. Qxf5+ Nc5 62. Qd5 Kb6 63. f5 Nb7 64. f6 1-0

[Event "Late-Titled-Tuesday-Blitz-May-14-2024"]
[Site "Chess.com"]
[Date "2024.05.14"]
[Round "10"]
[White "ansko1999"]
[Black "grzechu96"]
[Result "0-1"]
[WhiteElo "2646"]
[BlackElo "2806"]
[TimeControl "180+1"]
[EndTime "15:55:33 PDT"]
[Termination "grzechu96 won on time"]

1. c4 e5 2. Nf3 Nc6 3. d4 exd4 4. Nxd4 Bb4+ 5. Bd2 Bxd2+ 6. Qxd2 Nxd4 7. Qxd4 Nf6 8. Nc3 d6 9. g3 Bd7 10. Bg2 Bc6 11. Bxc6+ bxc6 12. Ne4 c5 13. Nxf6+ Qxf6 14. Qxf6 gxf6 15. O-O-O Kd7 16. Rd3 Rhe8 17. Kd2 Re4 18. b3 a5 19. Rf3 Ke6 20. Re3 Rxe3 21. Kxe3 a4 22. Rb1 axb3 23.
axb3 Ra2 24. b4 cxb4 25. Rxb4 Ra3+ 26. Kd2 Ra2+ 27. Kd3 f5 28. Rb8 Ra3+ 29. Kd2 Ke5 30. Rf8 Kd4 31. Rxf7 Ra2+ 32. Ke1 Ra1+ 33. Kd2 Ra2+ 34.
Ke1 c5 35. Rxf5 Kxc4 36. Rf4+ Kc3 37. Rf3+ Kb4 38. Rd3 Ra6 39. f4 c4 40. Rd1 c3 41.
Rb1+ Kc4 42. Kd1 Ra2 43. Rb8 Ra1+ 44. Kc2 Ra2+ 45. Kd1 Ra1+ 46. Kc2 Re1 47. Rc8+ Kd4 48. Rxc3 Rxe2+ 49. Kd1 Rxh2 50. Rc7 d5 51. f5 Ke5 52.
Rd7 h5 53. f6 Rf2 54. f7 Ke6 55. Rd8 Rxf7 56. Ke2 Rf5 57. Ke3 Kf6 58. Rf8+ Kg6 59. Rg8+ Kf7 60. Rh8 Ke7 61. Kd4 Rg5 62. Rh7+ Kd6 63.
Rh6+ Kd7 64. Rh7+ Ke6 65. Rh8 Kf5 66. Kxd5 Kg4+ 67. Ke4 Kxg3 68. Ke3 h4 69. Ke2 Kg2 70. Re8 h3 71. Ra8 h2 72. Rg8 Rxg8 73. Ke3 h1=Q 0-1